 Dungeon Crawl Stone Soup version 0.30-a0-824-g6c64550be9 (webtiles) character file.

Game seed: 16108183293700130393

26781 bjtr the Geomancer (level 13, -8/78 HPs)
             Began as a Gargoyle Earth Elementalist on Feb 27, 2023.
             Was an Elder of Vehumet.
             Killed from afar by a fire giant (32 damage)
             ... with a fireball
             ... on level 13 of the Dungeon on Feb 28, 2023.
             The game lasted 01:16:34 (15819 turns).

bjtr the Geomancer (Gargoyle Earth Elementalist)   Turns: 15819, Time: 01:16:34

Health: -8/78      AC: 18    Str: 13    XL:     13   Next: 28%
Magic:  10/24      EV: 32    Int: 20    God:    Vehumet [****..]
Gold:   752        SH:  4    Dex: 10    Spells: 4/27 levels left

rFire   . . .      SeeInvis .    a - +2 demon trident (freeze)
rCold   . . .      Faith    .    s - +0 buckler
rNeg    + . .      Spirit   .    g - +1 robe {Archmagi}
rPois   ∞          Reflect  .    l - +1 helmet
rElec   +          Harm     .    y - scarf {repulsion}
rCorr   .          Rampage  .    x - +1 pair of gloves
Will    .....      Archmagi +    i - +0 pair of boots
Stlth   +++                      h - amulet of the acrobat
HPRegen 0.33/turn                T - ring of wizardry
MPRegen 0.19/turn                J - +5 ring of evasion

@: acrobatic, repel missiles
A: sickness immunity, AC +9, negative energy resistance 1, electricity
resistance, torment resistance 1, petrification resistance
a: Renounce Religion


You were on level 13 of the Dungeon.
You worshipped Vehumet.
Vehumet was greatly pleased with you.
You visited 2 branches of the dungeon, and saw 14 of its levels.
You also visited: Sewer.

You collected 752 gold pieces.

Inventory:

Hand Weapons
 a - a +2 demon trident of freezing (weapon)
 b - a +2 sling of freezing
 e - a +0 broad axe
 j - a +0 long sword of holy wrath
 n - the +2 short sword of Vanavvof {elec, Int+3}
   (You found it on level 12 of the Dungeon)

   Int:       It affects your intelligence (+3).
 D - a +2 battleaxe of flaming
Missiles
 p - 5 silver javelins (quivered)
 v - 7 poisoned darts
Armour
 g - a +1 robe of the Archmagi (worn)
 i - a +0 pair of boots (worn)
 l - a +1 helmet (worn)
 s - a +0 buckler (worn)
 x - a +1 pair of gloves (worn)
 y - a scarf of repulsion (worn)
Jewellery
 h - an amulet of the acrobat (around neck)
 u - a +6 ring of dexterity
 I - a ring of see invisible
 J - a +5 ring of evasion (right hand)
 T - a ring of wizardry (left hand)
 U - a ring of positive energy
Wands
 F - a wand of iceblast (10)
 S - a wand of paralysis (10)
 Y - a wand of polymorph (8)
Scrolls
 f - a scroll of noise
 t - a scroll of teleportation
 z - 5 scrolls of vulnerability
 B - 2 scrolls of magic mapping
 G - 3 scrolls of fog
 N - a scroll of butterflies
 W - a scroll of immolation
Potions
 c - 5 potions of haste
 d - 6 potions of mutation
 k - a potion of might {unknown}
 m - 3 potions of magic
 o - 2 potions of flight
 q - 2 potions of brilliance
 A - 3 potions of ambrosia
 C - 4 potions of curing
 E - 4 potions of cancellation
 L - 2 potions of lignification {unknown}
 M - 2 potions of attraction
Miscellaneous
 w - a condenser vane


   Skills:
 + Level 8.2 Fighting
 * Level 6.3 Polearms
 - Level 5.9 Armour
 - Level 5.0 Dodging
 - Level 7.2 Stealth
 + Level 4.0 Shields
 * Level 7.9 Spellcasting
 - Level 6.2 Conjurations
 - Level 0.7 Transmutations
 * Level 13.4 Earth Magic
 + Level 7.1 Evocations


You had 4 spell levels left.
You knew the following spells:

 Your Spells              Type           Power      Damage    Failure   Level
a - Sandblast             Erth           100%       2d20      1%          1
b - Passwall              Tmut/Erth      44%        N/A       1%          2
c - Stone Arrow           Conj/Erth      100%       3d13      1%          3
d - Petrify               Tmut/Erth      53%        N/A       2%          4
e - Sticky Flame          Conj/Fire      30%        2d5       3%          4
f - Freezing Cloud        Conj/Ice/Air   12%        6-21      14%         5
g - Olgreb's Toxic Radia  Pois           11%        N/A       12%         4

Your spell library contained the following spells:

 Spells                   Type           Power      Damage    Failure   Level
 Magic Dart               Conj           100%       1d8       1%          1
 Searing Ray              Conj           98%        2d8       1%          2
 Ignite Poison            Fire/Tmut/Pois 13%        N/A       3%          3
 Fulminant Prism          Conj/Hex       15%        3d10      3%          4
 Kindle Blastsparks       Fire/Tloc/Air  22%        2d11      4%          3
 Airstrike                Air            5%         2d(1-17)  12%         4
 Summon Lightning Spire   Summ/Air       11%        N/A       38%         4
 Lightning Bolt           Conj/Air       15%        1d29      10%         5


Dungeon Overview and Level Annotations

Branches:
Dungeon (13/15)            Temple (1/1) D:6            Lair (0/5) D:11
    Orc (0/2) D:12         Vaults (0/5) D:13          Sewer (visited)

Altars:
Ashenzari
Cheibriados
Dithmenos
Elyvilon
Fedhas
Gozag
Hepliaklqana
Kikubaaqudgha
Makhleb
Nemelex Xobeh
Okawaru
Qazlal
Ru
Sif Muna
Trog
Uskayaw
Vehumet
Wu Jian
Xom
Yredelemnul
Zin
The Shining One

Shops:
D:1 :   D:8 *   D:13 *


Innate Abilities, Weirdness & Mutations

You are immune to sickness and miasma.
Your stone body is resilient. (AC +9)
You are immune to poison.
You resist negative energy. (rN+)
You are resistant to electric shocks. (rElec)
You are resistant to unholy torment.
You are immune to petrification.


Message History

The manticore looks even sicker.
The fire giant looks even sicker.
Your toxic aura wanes.
Casting: Olgreb's Toxic Radiance (dangerous; 12% risk of failure)
Confirm with . or Enter, or press ? or * to list all spells.
Aiming: Freezing Cloud (dangerous; 14% risk of failure)
Press: ? - help, Dir - move target, f - fire giant
Aim: a fire giant, wielding a +0 great sword of flaming (lightly wounded, very poisoned)
You feel a surge of power!
The manticore is engulfed in freezing vapours.
The manticore flicks its tail.
The volley of spikes is repelled.
The fire giant is engulfed in freezing vapours.
Casting: Freezing Cloud (dangerous; 14% risk of failure)
Confirm with . or Enter, or press ? or * to list all spells.
You don't have enough magic to cast this spell.
The barbs in your skin will harm you if you move.
Continue?
The barbed spikes dig painfully into your body as you move.
The manticore is engulfed in freezing vapours.
The fire giant is engulfed in freezing vapours.
The barbed spikes dig painfully into your body as you move.
The barbed spikes dig painfully into your body as you move.
The barbed spikes dig painfully into your body as you move.
The barbed spikes snap loose.
The fire giant casts a spell at you. The bolt of fire misses you.
Vehumet accepts your kill.
You feel your power returning.
You feel a bit more experienced.
Your magical contamination has completely faded away.
You see here a basilisk corpse.
The fire giant gestures at you while chanting.
The fireball explodes!
The fireball engulfs you!!
* * * LOW HITPOINT WARNING * * *
You hear an angry buzzing noise.
You see here a shapeshifter corpse.
You feel much better.
You see here an ugly thing corpse.
The fire giant looks more healthy.
The fire giant gestures at you while chanting.
The fireball explodes!
The fireball engulfs you!!
You die...

##.†...)#######..#######....
##..†#.#......#...# #.....
##..†##C.........(.# #.....
##.).###......#'##############.
##..†##
#......#....#....######.
##..C##
#......#....#>...'...... #...##
#..#...#.####.##.#...... .#.##
#......###.......####... ..##
#######@...#.###....#### ...##
#.+...#......#.#.#...... #...##
#.##..#..)####.#........
##...##
#.##..'[..#.##.##'##.##.
##...##
#.....#...'....##..#....
##.C.######..#..<#.#####..#....
##...# ####.(.#.# #..#####
##..# ##'##.# #....... #...#
..#### #..#####


You could see a fire giant.

Vanquished Creatures
  Snorg (D:10)
  A rakshasa (D:13)
  A centaur warrior (D:13)
  2 two-headed ogres
  3 tengu warriors
  A boulder beetle (D:13)
  Nergalle (D:12)
  Pikel (D:7)
  A deep elf pyromancer (D:12)
  6 cyclopes
  2 ugly things
  6 manticores
  Maurice (D:8)
  A moth of wrath (D:12)
  2 gargoyles (D:13)
  2 kobold demonologists (D:10)
  2 unseen horrors (D:12)
  3 trolls
  A hornet (D:7)
  A queen bee (D:10)
  A shadow (D:8)
  4 slime creatures (D:13)
  2 wraiths (D:11)
  24 yaks
  2 wyverns
  A yak (shapeshifter) (D:13)
  3 basilisks
  2 steam dragons
  2 vampire mosquitoes (D:12)
  A water moccasin (D:5)
  2 acid dragons (D:13)
  7 orc warriors
  2 sky beasts
  3 centaurs
  3 ogres
  4 bullfrogs
  2 necrophages (D:8)
  2 gnoll sergeants
  2 scorpions (D:5)
  8 wights
  25 killer bees (D:10)
  6 howler monkeys
  2 electric eels (D:7)
  6 orc priests
  5 jellies
  A hound (D:5)
  A gnoll bouda (D:7)
  2 iguanas
  Terence (D:2)
  30 orc wizards
  6 adders
  14 gnolls
  A river rat (Sewer)
  3 shadow imps
  A white imp (D:7)
  4 ufetubi
  5 worms
  3 dart slugs
  38 orcs
  7 bats
  15 endoplasms
  7 giant cockroaches
  8 goblins
  3 hobgoblins
  6 jackals
  5 kobolds
  6 quokkas
  5 ball pythons
  6 frilled lizards
  11 rats
349 creatures vanquished.

Vanquished Creatures (others)
  10 plants (D:7)
10 creatures vanquished.

Grand Total: 359 creatures vanquished

Notes
Turn   | Place    | Note
-------+----------+-------------------------------------------
     0 | D:1      | bjtr the Gargoyle Earth Elementalist began the quest for
                  | the Orb.
     0 | D:1      | Reached XP level 1. HP: 10/10 MP: 3/3
   406 | D:1      | Reached XP level 2. HP: 15/15 MP: 3/5
   437 | D:1      | Found Wamm's Book Boutique.
   858 | D:1      | Reached skill level 4 in Earth Magic
  1122 | D:2      | Reached XP level 3. HP: 20/20 MP: 4/6
  1127 | D:2      | Learned a level 2 spell: Passwall
  1131 | D:2      | Learned a level 3 spell: Stone Arrow
  1506 | D:2      | Noticed Terence
  1617 | D:2      | Killed Terence
  1618 | D:2      | Reached XP level 4. HP: 15/24 MP: 0/7
  2129 | D:3      | Reached skill level 1 in Conjurations
  2263 | D:3      | Found an ornate altar of the Wu Jian Council.
  2755 | D:4      | Reached skill level 1 in Evocations
  2778 | D:4      | Reached skill level 1 in Armour
  2787 | D:4      | Reached skill level 1 in Fighting
  2822 | D:4      | Found a glowing drain.
  2837 | Sewer    | Entered a sewer
  3079 | Sewer    | Reached XP level 5. HP: 29/29 MP: 5/8
  3397 | Sewer    | Reached skill level 5 in Earth Magic
  3397 | Sewer    | Reached XP level 6. HP: 34/34 MP: 6/9
  3456 | Sewer    | Found a viscous altar of Jiyva.
  4154 | D:4      | Reached XP level 7. HP: 18/40 MP: 5/11
  4621 | D:5      | Entered Level 5 of the Dungeon
  4749 | D:5      | Reached skill level 6 in Earth Magic
  4823 | D:5      | Found a hazy altar of Hepliaklqana.
  4976 | D:5      | Reached XP level 8. HP: 45/45 MP: 9/12
  5017 | D:5      | Learned a level 4 spell: Petrify
  5685 | D:6      | Found a staircase to the Ecumenical Temple.
  5694 | Temple   | Entered the Ecumenical Temple
  5990 | Temple   | Became a worshipper of Vehumet
  6948 | D:7      | Noticed Pikel
  6956 | D:7      | Killed Pikel
  6957 | D:7      | Reached skill level 7 in Earth Magic
  6957 | D:7      | Reached XP level 9. HP: 49/52 MP: 2/14
  7059 | D:7      | Reached skill level 5 in Stealth
  7316 | D:7      | Reached skill level 8 in Earth Magic
  7322 | D:7      | Reached * piety under Vehumet
  7322 | D:7      | Offered knowledge of Kiss of Death by Vehumet.
  7780 | D:7      | Noticed a tengu warrior
  7807 | D:7      | Killed a tengu warrior
  7808 | D:7      | Reached XP level 10. HP: 35/58 MP: 10/16
  7917 | D:7      | Noticed a two-headed ogre
  8115 | D:7      | Killed a two-headed ogre
  8116 | D:7      | Reached skill level 5 in Fighting
  8116 | D:7      | Reached skill level 5 in Armour
  8116 | D:7      | Reached skill level 5 in Conjurations
  8116 | D:7      | Reached skill level 9 in Earth Magic
  8837 | D:8      | Found an ancient bone altar of Kikubaaqudgha.
  8883 | D:8      | Found Tisikyps's Assorted Antiques.
  8922 | D:8      | Reached skill level 5 in Spellcasting
  8940 | D:8      | Offered knowledge of Scorch by Vehumet.
  9049 | D:8      | Reached ** piety under Vehumet
  9645 | D:8      | Noticed Maurice
  9653 | D:8      | Killed Maurice
  9772 | D:8      | Reached skill level 10 in Earth Magic
  9892 | D:9      | Reached XP level 11. HP: 46/64 MP: 1/18
 10091 | D:9      | Reached skill level 5 in Evocations
 10543 | D:9      | Offered knowledge of Momentum Strike by Vehumet.
 10544 | D:9      | Reached skill level 5 in Dodging
 10660 | D:9      | Reached *** piety under Vehumet
 11025 | D:9      | Found a glowing silver altar of Zin.
 11030 | D:9      | Found a snail-covered altar of Cheibriados.
 11034 | D:9      | Identified a scroll of acquirement
 11034 | D:9      | Acquired a +2 demon trident of freezing
 11065 | D:10     | Entered Level 10 of the Dungeon
 11066 | D:10     | Noticed Snorg
 11080 | D:10     | Killed Snorg
 11081 | D:10     | Reached skill level 1 in Polearms
 11111 | D:10     | Noticed a soul eater
 11215 | D:10     | Offered knowledge of Sticky Flame by Vehumet.
 11218 | D:10     | Reached skill level 11 in Earth Magic
 11307 | D:10     | Learned a level 4 spell: Sticky Flame
 11313 | D:10     | Learned a level 5 spell: Freezing Cloud
 11468 | D:10     | Reached **** piety under Vehumet
 12477 | D:11     | Noticed a cyclops
 12485 | D:11     | Killed a cyclops
 12492 | D:11     | Noticed a cyclops
 12499 | D:11     | Killed a cyclops
 12500 | D:11     | Noticed a manticore
 12504 | D:11     | Killed a manticore
 12505 | D:11     | Reached XP level 12. HP: 71/71 MP: 3/21
 12669 | D:11     | Offered knowledge of Olgreb's Toxic Radiance by Vehumet.
 12675 | D:11     | Learned a level 4 spell: Olgreb's Toxic Radiance
 12958 | D:11     | Found a staircase to the Lair.
 12976 | D:11     | Reached skill level 1 in Shields
 12976 | D:11     | Upgraded the game from 0.30-a0-808-g6e0788376e to
                  | 0.30-a0-824-g6c64550be9
 13308 | D:12     | Reached skill level 12 in Earth Magic
 13309 | D:12     | Noticed a two-headed ogre
 13310 | D:12     | Noticed Nergalle
 13325 | D:12     | Killed Nergalle
 13444 | D:12     | Killed a two-headed ogre
 13683 | D:12     | Found a staircase to the Orcish Mines.
 14463 | D:12     | Reached skill level 5 in Polearms
 14601 | D:12     | Identified the +2 short sword of Vanavvof {elec, Int+3}
 14675 | D:12     | Found a bloodstained altar of Trog.
 14887 | D:13     | Found Zoed's General Store.
 14908 | D:13     | Noticed a rakshasa
 14931 | D:13     | Killed a rakshasa
 15024 | D:13     | Noticed a boulder beetle
 15029 | D:13     | Noticed a boulder beetle
 15128 | D:13     | Killed a boulder beetle
 15383 | D:13     | Noticed a tengu warrior
 15384 | D:13     | Noticed a tengu warrior
 15393 | D:13     | Killed a tengu warrior
 15394 | D:13     | Reached skill level 13 in Earth Magic
 15394 | D:13     | Reached XP level 13. HP: 66/78 MP: 6/24
 15631 | D:13     | Noticed an ironbound preserver
 15632 | D:13     | Found a gate to the Vaults.
 15791 | D:13     | Noticed a fire giant
 15808 | D:13     | HP: 2/78 [fire giant/fireball (35)]
 15819 | D:13     | Killed from afar by a fire giant

Illustrated notes

Levels and vault maps discovered:
D:1:      lightli_iron_boxes, layout_loops_corners, serial_shops, shop,
          minmay_strange_pillars
D:2:      layout_basic, uniq_terence
D:3:      layout_loops_ring, nicolae_wu_jian_immortal_techniques
D:4:      layout_basic, gup_sewer_entry_pipe
D:5:      layout_gridville, lemuel_tele_altar
D:6:      cheibrodos_iron_armory, layout_basic, minmay_temple_entry_trees
D:7:      nzn_winding_woodlands_cross [nzn_winding_woodlands_5x15_lazy_stream,
          nzn_winding_woodlands_5x15_longhouse,
          nzn_winding_woodlands_5x15_crooked,
          nzn_winding_woodlands_5x15_pockets,
          nzn_winding_woodlands_15x15_eel_pit], layout_rooms, serial_glass,
          glass_columns_a, glass_columns_a, uniq_pikel
D:8:      layout_basic, mainiacjoe_overflow_catwalk, serial_shops,
          nicolae_square_shop, uniq_maurice
D:9:      minmay_flawed_box, layout_long_grid, mainiacjoe_overflow_big_doors,
          nicolae_elevator_lobby_plus
D:10:     layout_roguey [special_room_bee], uniq_snorg
D:11:     layout_cave_pools, david_lair_generic
D:12:     layout_rooms, orc_0_dummy, tgw_trog, uniq_nergalle
D:13:     evilmike_diamond_1, layout_stronghold,
          skrybe_vaults_entry_preservation, serial_shops, nicolae_shop_crystal,
          uniq_frances
Temple:   minmay_temple_bridge_d

Skill      XL: |  1  2  3  4  5  6  7  8  9 10 11 12 13 |
---------------+----------------------------------------+-----
Earth Magic    | 4 5 6 7 8 10 11 13 | 13.4
Conjurations   | 1 2 3 4 5 6 |  6.2
Evocations     | 1 2 3 4 5 6 7 |  7.1
Armour         | 1 2 3 4 5 |  5.9
Fighting       | 1 2 3 4 5 6 7 8 |  8.2
Dodging        | 2 3 4 5 |  5.0
Stealth        | 3 4 5 6 7 |  7.2
Spellcasting   | 3 4 5 6 7 |  7.9
Polearms       | 3 5 6 |  6.3
Shields        | 3 4 |  4.0
Transmutations | |  0.7

Action                     |  1- 3 |  4- 6 |  7- 9 | 10-12 | 13-15 || total
---------------------------+-------+-------+-------+-------+-------++-------
  Melee: Spear             |    30 |    74 |       |       |       ||   104
         Dagger            |       |     7 |    45 |     9 |       ||    61
         Punch             |       |     1 |       |     4 |       ||     5
         Trident           |       |       |       |    52 |       ||    52
         Demon trident     |       |       |       |   239 |    15 ||   254
  Throw: Javelin           |       |     5 |       |     4 |       ||     9
   Cast: Sandblast         |    43 |    91 |   116 |   259 |     4 ||   513
         Stone Arrow       |     2 |     3 |     3 |    36 |       ||    44
         Passwall          |       |     1 |     3 |       |       ||     4
         Petrify           |       |       |       |     7 |       ||     7
         Freezing Cloud    |       |       |       |    10 |     6 ||    16
         Olgreb's Toxic Ra |       |       |       |     7 |     2 ||     9
         Sticky Flame      |       |       |       |     6 |     1 ||     7
  Evoke: Wand              |       |       |       |     1 |       ||     1
    Use: Scroll            |       |     2 |    16 |     6 |       ||    24
         Potion            |       |     2 |       |     2 |     1 ||     5
   Stab: Sleeping          |     1 |     1 |       |       |       ||     2
         Petrified         |       |       |       |    12 |       ||    12
         Paralysed         |       |       |       |     8 |       ||     8
 Armour: Robe              |     2 |       |    39 |   212 |     7 ||   260
         Leather armour    |    20 |    59 |     2 |       |       ||    81
  Dodge: Dodged            |    75 |    87 |   116 |   595 |    18 ||   891
         Repelled          |       |       |       |     6 |     1 ||     7
  Block: Buckler           |       |       |       |    46 |     4 ||    50

Table legend: (Time is in decaauts)
 A = Elapsed time spent in this place.
 B = Non-inter-level travel time spent in this place.
 C = Inter-level travel time spent in this place.
 D = Time resting spent in this place.
 E = Time spent auto-exploring this place.
 F = Levels seen in this place.
 G = Mean time per level.
                   A        B        C        D        E       F      G
               +--------+--------+--------+--------+--------+-----+--------+
         Total |  16216 |  15564 |    652 |   4180 |   7859 |  15 | 1081.1 |
       Dungeon |  15063 |  14557 |    506 |   3889 |   7400 |  13 | 1158.7 |
        Temple |    383 |    238 |    145 |      0 |    212 |   1 |  383.0 |
         Sewer |    770 |    770 |      0 |    291 |    246 |   1 |  770.0 |
               +--------+--------+--------+--------+--------+-----+--------+

Top non-repeatable levels by time:
     D:7: 1909 daAuts
    D:10: 1349 daAuts
    D:11: 1337 daAuts
     D:9: 1311 daAuts
     D:4: 1242 daAuts
    D:12: 1115 daAuts
     D:8: 1112 daAuts
     D:2: 1060 daAuts
     D:6: 1056 daAuts
     D:1: 984 daAuts
    D:13: 945 daAuts
     D:5: 911 daAuts
   Sewer: 770 daAuts
     D:3: 727 daAuts
  Temple: 383 daAuts
